 Dungeon Crawl Stone Soup version 0.18.1-2-ga659475 (webtiles) character file.

450 MDvedh the Chiller (level 7, -4/46 HPs)
             Began as a Formicid Ice Elementalist on May 8, 2016.
             Slain by a centaur (8 damage)
             ... on level 5 of the Dungeon.
             The game lasted 00:12:17 (6211 turns).

MDvedh the Chiller (Formicid Ice Elementalist)      Turns: 6211, Time: 00:12:17

Health: -4/46      AC:  4    Str: 12    XL:     7   Next: 25%
Magic:  9/10       EV: 12    Int: 17    God:
Gold:   162        SH:  0    Dex: 11    Spells: 2 memorised, 5 levels left

rFire  . . .     SeeInvis +     a - +0 long sword (elec)
rCold  . . .     Gourm    .     e - +0 robe
rNeg   . . .     Faith    .     (no shield)
rPois  .         Spirit   .     (helmet unavailable)
rElec  .         Dismiss  .     w - +1 cloak
rCorr  .         Reflect  .     (no gloves)
SustAt .         Harm     .     (no boots)
MR     .....                    (no amulet)
Stlth  ++........               (no ring)
                                (no ring)

@: not resistant to hostile enchantments, unstealthy
A: permanent stasis, dig shafts and tunnels, four strong arms, antennae 3
a: Dig, Shaft Self


You were on level 5 of the Dungeon.
You were not hungry.

You visited 1 branch of the dungeon, and saw 5 of its levels.

You collected 162 gold pieces.

Inventory:

Hand Weapons
 a - a +0 long sword of electrocution (weapon)
 b - a +0 blowgun
 g - a +0 short sword
Missiles
 v - 30 poisoned needles
Armour
 e - a +0 robe (worn)
 w - a +1 cloak (worn)
Jewellery
 m - an uncursed amulet of harm
 y - an uncursed ring of ice
Wands
 x - a wand of lightning (9/15)
Scrolls
 f - 3 scrolls of enchant weapon
 p - a scroll of fog
 r - a scroll of remove curse
Potions
 d - 2 potions of might
 k - a potion of lignification
 l - 2 potions of haste
 q - 2 potions of curing
 s - a potion of brilliance
 B - a potion of magic {unknown}
 C - a potion of cancellation {unknown}
 D - a potion of mutation {unknown}
Books
 u - a book of Frost

   Spells                             Type                      Level
   a - Freeze                         Ice                          1
   b - Throw Frost                    Conjuration/Ice              2
   c - Ozocubu's Armour               Charms/Ice                   3
   d - Throw Icicle                   Conjuration/Ice              4
   e - Summon Ice Beast               Ice/Summoning                4
Comestibles
 c - 2 bread rations
 j - a slice of pizza
 n - 2 meat rations


   Skills:
 - Level 1.7 Dodging
 - Level 2.4 Stealth
 - Level 2.1 Spellcasting
   Level 0.8 Conjurations
 + Level 3.4 Summonings
 + Level 6.7 Ice Magic


You had 5 spell levels left.
You knew the following spells:

 Your Spells              Type           Power        Failure   Level  Hunger
a - Freeze                Ice            ###.         1%          1    #......
b - Summon Ice Beast      Ice/Summ       ###.....     24%         4    #####..


Dungeon Overview and Level Annotations

Branches:
Dungeon (5/15)             Temple (0/1) D:5

Altars:
Ashenzari
Gozag
Pakellas
Ru
Sif Muna
Zin


Innate Abilities, Weirdness & Mutations

You are under a permanent stasis effect.
You can dig through walls and to a lower floor.
Your four strong arms can wield two-handed weapons with a shield.
You have a pair of large antennae on your head (SInv).


Message History

a - a +0 long sword of electrocution (weapon)
The centaur shoots an arrow.
The arrow hits you!
* * * LOW HITPOINT WARNING * * *
You see here an arrow.
Unknown command.
The centaur unwields an uncursed shortbow.
The centaur hits you.
* * * LOW HITPOINT WARNING * * *
The centaur barely misses you.
Unknown command.
Unknown command.
Casting: Freeze
Confirm with . or Enter, or press ? or * to list all spells.
Aiming: Freeze
Press: ? - help, Shift-Dir - straight line, f/p - centaur
Aim: a centaur (lightly wounded)
You freeze the centaur.
The centaur is heavily wounded.
The centaur hits you!
You die...

,,,,,,,,,,,,,,,≈###≈.≈###≈,≈***≈,
,,,,******.....≈≈≈≈≈.≈≈≈≈≈,≈§§≈≈,
,,,,,,* *#(....,......§,......,,
,,,,,,* #.((.≈≈≈≈≈.≈§§≈≈.≈≈≈≈≈,
,,,,,,* #....≈**#§§≈#**≈.≈#**≈,
,,,,*,***###...§* #§.≈# *≈.≈# *≈,
,,,,,,,,,....>.≈###≈§≈###≈§§###≈,
*****,*,,......≈≈≈≈≈§§≈≈≈≈§≈≈≈≈≈,
*****,*,,......c@...§§....§§....,
,,,**,*,,.......#§(#§#'#'#.#...,*
**,**,*,,.......#(.#.......#,**,#
,,,,,,+,,.......(..#.......#,##.#
,*,**,*,,.......#.##.....<.#.....
,*,**,***###.#..#.##.#..........#
,*,**,,,,,......#.##.###.........
,*,******###.#..#.##.#*#.........
,,,,,,,,,,......#.#..............


You could see a centaur.

Vanquished Creatures
  A scorpion (D:3)
  A howler monkey (D:4)
  A crimson imp (D:5)
  A hound (D:3)
  An orc priest (D:4)
  Ijyb (D:3)
  2 worker ants
  5 adders
  4 gnolls
  An adder skeleton (D:4)
  3 worms
  2 dart slugs
  3 giant geckos
  3 orcs (D:4)
  3 giant cockroaches
  8 hobgoblins
  8 jackals
  4 quokkas (D:3)
  12 bats
  4 giant newts
  14 goblins
  A jackal skeleton (D:5)
  9 kobolds
  6 rats
98 creatures vanquished.

Vanquished Creatures (others)
  A goblin (D:3)
1 creature vanquished.

Grand Total: 99 creatures vanquished

Notes
Turn   | Place    | Note
--------------------------------------------------------------
     0 | D:1      | MDvedh the Formicid Ice Elementalist began the quest for the Orb.
     0 | D:1      | Reached XP level 1. HP: 13/13 MP: 3/3
   381 | D:1      | Reached XP level 2. HP: 10/19 MP: 0/5
   700 | D:1      | Reached skill level 4 in Ice Magic
   700 | D:1      | Reached XP level 3. HP: 13/24 MP: 2/6
  1318 | D:1      | Reached XP level 4. HP: 17/30 MP: 0/7
  1706 | D:2      | Reached skill level 5 in Ice Magic
  2084 | D:2      | Found a shattered altar of Ashenzari.
  2490 | D:2      | Found an oddly glowing altar of Pakellas.
  2596 | D:2      | Reached XP level 5. HP: 30/35 MP: 8/8
  2911 | D:2      | Learned a level 4 spell: Summon Ice Beast
  3244 | D:3      | Reached skill level 1 in Summonings
  3533 | D:3      | Reached XP level 6. HP: 40/41 MP: 7/9
  4693 | D:3      | Noticed Ijyb
  4701 | D:3      | Killed Ijyb
  4701 | D:3      | Reached skill level 6 in Ice Magic
  5454 | D:4      | Noticed a phantom
  5666 | D:4      | Found an opulent altar of Gozag.
  5667 | D:4      | Found a glowing silver altar of Zin.
  5668 | D:4      | Found a sacrificial altar of Ru.
  5678 | D:4      | Found a deep blue altar of Sif Muna.
  5854 | D:4      | Reached XP level 7. HP: 36/46 MP: 7/10
  6083 | D:5      | Entered Level 5 of the Dungeon
  6211 | D:5      | Slain by a centaur

Skill      XL: |  1  2  3  4  5  6 |
---------------+-------------------+-----
Ice Magic      | 4 5 6 |  6.7
Summonings     | 1 3 |  3.4
Dodging        | |  1.7
Stealth        | |  2.4
Spellcasting   | |  2.1
Conjurations   | |  0.8

Action                   |  1- 3 |  4- 6 |  7- 9 || total
-------------------------+-------+-------+-------++-------
Melee: Unarmed           |    17 |       |       ||    17
       Short sword       |    30 |   164 |       ||   194
       Long sword        |       |    16 |     2 ||    18
 Fire: Blowgun           |       |     3 |     4 ||     7
 Cast: Freeze            |    38 |    68 |     9 ||   115
  Use: Scroll            |       |     8 |     5 ||    13
       Potion            |       |     2 |       ||     2
 Stab: Sleeping          |     1 |     7 |     1 ||     9
       Distracted        |       |     2 |       ||     2
  Eat: Chunk             |     2 |     9 |       ||    11
       Bread ration      |       |     2 |       ||     2
Armor: Robe              |    24 |    37 |     1 ||    62
Dodge: Dodged            |    71 |   142 |     5 ||   218
